FLORIDA vs NEW YORK R

Created - May 18, 2021 at 15:34

Goals
1 2 3 OT1 SO T
FLORIDA 1 0 2 0 1 4
NEW YORK R 1 0 2 0 0 3
Shots
1 2 3 OT1 SO T
FLORIDA 9 8 6 1 3 24
NEW YORK R 15 10 11 2 3 38

1st period

1. NEW YORK R , Seth Jones 12 (Artemi Panarin 35, Leon Draisaitl 29) at 3:29 (PP)
2. FLORIDA , Alex Galchenyuk 12 (Ryan Donato 17, Dante Fabbro 25) at 6:24 (PP)

Penalties :
Patrick Marleau (FLA) for Goalie Interference (Minor) at 1:33, Kailer Yamamoto (NYR) for Charging (Minor) at 6:10, Dante Fabbro (FLA) for High sticking (Minor) at 19:08

2nd period

No Goal

Penalties :
Dante Fabbro (FLA) for Tripping (Minor) at 3:15, Leon Draisaitl (NYR) for Hooking (Minor) at 6:37, Cam Fowler (NYR) for Hooking (Minor) at 9:00, Martin Necas (FLA) for Hooking (Minor) at 18:25

3rd period

3. NEW YORK R , Colton Parayko 7 (Connor Brown 18, Seth Jones 45) at 1:01 (PP)
4. FLORIDA , Pavel Zacha 13 (Dante Fabbro 26, Ryan Donato 18) at 12:34 (PP)
5. NEW YORK R , Andrew Cogliano 10 (Marcus Kruger 6, Brett Pesce 31) at 13:25
6. FLORIDA , Drake Batherson 8 (Martin Necas 26, Shayne Gostisbehere 23) at 18:20 (PP)

Penalties :
Mike Green (FLA) for Tripping (Minor) at 0:43, Seth Jones (NYR) for Holding (Minor) at 10:57, Marcus Kruger (NYR) for Roughing (Minor) at 18:14

Overtime #1

No Goal

Penalties :
No Penalty

Shootout

FLORIDA, Drake Batherson - Goal!
NEW YORK R, Leon Draisaitl - Stopped by Jimmy Howard
FLORIDA, Martin Necas - Stopped by Frederik Andersen
NEW YORK R, Artemi Panarin - Stopped by Jimmy Howard
FLORIDA, Ryan Donato - Stopped by Frederik Andersen
NEW YORK R, Bo Horvat - Stopped by Jimmy Howard

Penalties :
No Penalty

Goalie Stats

Jimmy Howard (FLA), 35 saves from 38 shots - (0.921), W, 18-28-9, 65:00 minutes
Frederik Andersen (NYR), 21 saves from 24 shots - (0.875), OTL, 32-27-11, 65:00 minutes

Players Stats for FLORIDA

Player Name              G  A  P  +/- PIM S  H  SB GA TA FO     MP     PP MP  PK MP  
------------------------------------------------------------------------------------
Alex Galchenyuk          1  0  1   0  0   2  0  0  0  0  0/0    16:13   3:16   0:00 
Brett Ritchie            0  0  0   0  0   0  1  0  0  0  0/0    12:57   0:00   0:00 
Dante Fabbro             0  2  2  -1  4   2  4  1  0  0  0/0    22:25   2:52   2:01 
Denis Malgin             0  0  0   0  0   2  0  0  0  0  0/2    10:59   0:00   0:00 
Drake Batherson          1  0  1  -1  0   1  0  0  0  0  2/10   14:43   2:27   1:56 
Frank Vatrano            0  0  0   0  0   0  0  0  0  0  0/0     0:36   0:00   0:00 
Ilya Lyubushkin          0  0  0   0  0   0  1  3  0  0  0/0    16:58   0:00   1:00 
Jesperi Kotkaniemi       0  0  0   0  0   0  2  1  0  0  10/15  12:13   0:10   0:28 
Joakim Nordstrom         0  0  0  -1  0   0  1  0  0  0  0/1     8:10   0:00   0:00 
Justin Schultz           0  0  0   0  0   2  0  1  0  0  0/0    20:21   0:00   4:53 
Markus Granlund          0  0  0  -1  0   1  1  0  0  0  0/1     8:10   0:00   0:00 
Martin Necas             0  1  1   0  2   2  1  0  0  0  1/1    21:02   2:39   4:36 
Micheal Ferland          0  0  0   0  0   2  1  0  0  0  0/1    13:32   0:00   0:23 
Mike Green               0  0  0   0  2   0  2  0  0  0  0/0    22:00   2:52   1:17 
Patrick Marleau          0  0  0   0  2   0  1  0  0  0  3/5    20:19   2:39   1:39 
Pavel Zacha              1  0  1   0  0   6  0  0  0  0  15/39  24:52   3:06   5:44 
Radim Simek              0  0  0   0  0   0  1  3  0  0  0/0    18:45   3:03   2:50 
Ryan Donato              0  2  2   0  0   2  0  0  0  0  6/22   18:01   3:28   1:36 
Shayne Gostisbehere      0  1  1  -1  0   2  2  0  0  0  0/0    24:28   3:03   4:21 

Players Stats for NEW YORK R

Player Name              G  A  P  +/- PIM S  H  SB GA TA FO     MP     PP MP  PK MP  
------------------------------------------------------------------------------------
Andrew Cogliano          1  0  1   1  0   4  0  0  0  0  2/2    21:45   3:23   0:46 
Artemi Panarin           0  1  1   0  0   9  2  0  0  0  1/6    25:36   4:31   3:58 
Bo Horvat                0  0  0   1  0   2  0  0  0  0  23/32  23:53   3:40   2:15 
Brendan Lemieux          0  0  0   0  0   0  0  0  0  0  0/0     3:15   0:00   0:00 
Brett Pesce              0  1  1   1  0   1  3  2  0  0  0/0    19:25   2:50   2:29 
Cam Fowler               0  0  0   0  2   0  1  1  0  0  0/0    11:07   0:00   0:00 
Colton Parayko           1  0  1   0  0   1  1  1  0  0  0/0    27:43   5:21   3:17 
Connor Brown             0  1  1   0  0   0  2  0  0  0  0/0    19:35   4:31   0:00 
Gabriel Vilardi          0  0  0   0  0   0  0  0  0  0  0/0     0:17   0:17   0:00 
Jake DeBrusk             0  0  0   0  0   1  1  0  0  0  1/2    13:47   0:00   0:51 
Kailer Yamamoto          0  0  0   0  2   1  4  0  0  0  2/6    15:34   0:00   0:00 
Karl Alzner              0  0  0   0  0   1  2  0  0  0  0/0     7:03   0:00   0:31 
Leon Draisaitl           0  1  1   0  2   3  0  0  0  0  19/31  27:21   4:31   2:54 
Madison Bowey            0  0  0   0  0   0  0  0  0  0  0/0     4:11   0:00   0:00 
Marc-Edouard Vlasic      0  0  0   1  0   2  1  1  0  0  0/0    19:28   2:50   2:29 
Marcus Kruger            0  1  1   1  2   6  3  0  0  0  1/1    18:37   3:23   0:00 
Mike Matheson            0  0  0   0  0   2  1  0  0  0  0/0    11:59   0:00   0:51 
Nico Hischier            0  0  0   0  0   1  0  0  0  0  11/17  13:58   0:00   1:02 
Sam Steel                0  0  0   0  0   0  0  0  0  0  0/0     0:24   0:17   0:04 
Seth Jones               1  1  2   0  2   4  1  0  0  0  0/0    24:02   5:21   2:13 

3 Stars

1 - Andrew Cogliano (NYR)
2 - Seth Jones (NYR)
3 - Brett Pesce (NYR)

Power Play

FLORIDA - 3 on 5 Attempt(s) - 60.00%
NEW YORK R - 2 on 5 Attempt(s) - 40.00%

Penalty Kill

FLORIDA - 3 on 5 Attempt(s) - 60.00% - Score 0 goal in Penalty Kill
NEW YORK R - 2 on 5 Attempt(s) - 40.00% - Score 0 goal in Penalty Kill

Team Stat

FLORIDA - Hits : 18 - Faceoff Wins : 37 - Blocked Shots : 9 - Penalty Minutes : 10
NEW YORK R - Hits : 22 - Faceoff Wins : 60 - Blocked Shots : 5 - Penalty Minutes : 10

Official

Referees : Kyle Rehman and Kenny Anderson
Linesman : Ken Bonham and Jaime Alary

Game Notes

No Game Note

Finance

Level 1 -- Attendance: 4196 (69.93%) -- Ticket Income $419,600
Level 2 -- Attendance: 3121 (62.42%) -- Ticket Income $218,470
Level 3 -- Attendance: 1151 (57.55%) -- Ticket Income $51,795
Level 4 -- Attendance: 4000 (100.00%) -- Ticket Income $80,000
Luxury Box -- Attendance: 1000 (100.00%) -- Ticket Income $183,000
Game was played at the Madison Square Garden.
Total Attendance: 13468 (74.82%)
Total Ticket Income: $952,865
Total Income: $952,865

FLORIDA

5 vs 5 Forward 
   Center                   Left Wing                Right Wing               Time % Phy DF OF 
 1 Pavel Zacha              Patrick Marleau          Martin Necas             30     1   2  2  
 2 Ryan Donato              Alex Galchenyuk          Brett Ritchie            28     1   2  2  
 3 Jesperi Kotkaniemi       Micheal Ferland          Denis Malgin             23     1   2  2  
 4 Drake Batherson          Markus Granlund          Joakim Nordstrom         19     1   2  2  

5 vs 5 Defense 
   Defense                  Defense                                           Time % Phy DF OF 
 1 Dante Fabbro             Shayne Gostisbehere                               35     1   2  2  
 2 Justin Schultz           Mike Green                                        30     1   2  2  
 3 Radim Simek              Ilya Lyubushkin                                   25     1   2  2  
 4 Dante Fabbro             Ilya Lyubushkin                                   10     1   2  2  

PowerPlay Forward 
   Center                   Left Wing                Right Wing               Time % Phy DF OF 
 1 Ryan Donato              Patrick Marleau          Martin Necas             60     1   1  3  
 2 Pavel Zacha              Ryan Donato              Alex Galchenyuk          40     1   1  3  

PowerPlay Defense
   Defense                  Defense                                           Time % Phy DF OF 
 1 Dante Fabbro             Mike Green                                        60     1   1  3  
 2 Shayne Gostisbehere      Radim Simek                                       40     1   1  3  

Penalty Kill 4 Players Forward 
   Center                   Wing                     Time % Phy DF OF 
 1 Pavel Zacha              Martin Necas             60     2   2  1  
 2 Ryan Donato              Patrick Marleau          40     2   2  1  

Penalty Kill 4 Players Defense
   Defense                  Defense                  Time % Phy DF OF 
 1 Dante Fabbro             Shayne Gostisbehere      60     2   2  1  
 2 Justin Schultz           Radim Simek              40     2   2  1  

Penalty Kill - 3 Players Forward 
   Forward                                           Time % Phy DF OF 
 1 Pavel Zacha                                       60     2   2  1  
 2 Martin Necas                                      40     2   2  1  

Penalty Kill - 3 Players Defense
   Defense                  Defense                  Time % Phy DF OF 
 1 Dante Fabbro             Shayne Gostisbehere      60     2   2  1  
 2 Justin Schultz           Radim Simek              40     2   2  1  

4 vs 4 Forward 
   Center                   Wing                     Time % Phy DF OF 
 1 Pavel Zacha              Martin Necas             60     2   1  2  
 2 Ryan Donato              Patrick Marleau          40     2   1  2  

4 vs 4 Defense
   Defense                  Defense                  Time % Phy DF OF 
 1 Dante Fabbro             Mike Green               60     2   1  2  
 2 Shayne Gostisbehere      Radim Simek              40     2   1  2  

Last Minutes Offensive
   Center                   Left Wing                Right Wing               Defense                  Defense                  
   Pavel Zacha              Ryan Donato              Martin Necas             Dante Fabbro             Shayne Gostisbehere      

Last Minutes Defensive
   Center                   Left Wing                Right Wing               Defense                  Defense                  
   Pavel Zacha              Patrick Marleau          Martin Necas             Dante Fabbro             Shayne Gostisbehere      

Goaltenders
Starting : Jimmy Howard             
Backup : Ben Bishop               

Extra Forwards
Normal : Ryan Donato, Drake Batherson, Martin Necas - PP : Drake Batherson, Ryan Donato - PK : Drake Batherson
Extra Defensemen
Normal : Justin Schultz, Radim Simek, Mike Green - PP : Justin Schultz - PK : Justin Schultz, Mike Green
Penalty Shots
Drake Batherson, Martin Necas, Ryan Donato, Patrick Marleau, Alex Galchenyuk

Scratches
FLA Cap Hit (Suspend), Dillon Dube (Healthy), Tobias Bjornfot (Healthy)

NEW YORK R

5 vs 5 Forward 
   Center                   Left Wing                Right Wing               Time % Phy DF OF 
 1 Leon Draisaitl           Artemi Panarin           Connor Brown             35     1   2  2  
 2 Bo Horvat                Andrew Cogliano          Marcus Kruger            30     1   2  2  
 3 Nico Hischier            Jake DeBrusk             Kailer Yamamoto          25     1   2  2  
 4 Kailer Yamamoto          Brendan Lemieux          Leon Draisaitl           10     1   2  2  

5 vs 5 Defense 
   Defense                  Defense                                           Time % Phy DF OF 
 1 Seth Jones               Colton Parayko                                    35     1   2  2  
 2 Marc-Edouard Vlasic      Brett Pesce                                       30     1   2  2  
 3 Cam Fowler               Mike Matheson                                     25     1   2  2  
 4 Karl Alzner              Madison Bowey                                     10     1   2  2  

PowerPlay Forward 
   Center                   Left Wing                Right Wing               Time % Phy DF OF 
 1 Leon Draisaitl           Artemi Panarin           Connor Brown             60     1   2  2  
 2 Bo Horvat                Andrew Cogliano          Marcus Kruger            40     1   2  2  

PowerPlay Defense
   Defense                  Defense                                           Time % Phy DF OF 
 1 Seth Jones               Colton Parayko                                    60     1   2  2  
 2 Marc-Edouard Vlasic      Brett Pesce                                       40     1   2  2  

Penalty Kill 4 Players Forward 
   Center                   Wing                     Time % Phy DF OF 
 1 Leon Draisaitl           Artemi Panarin           60     1   2  2  
 2 Bo Horvat                Nico Hischier            40     1   2  2  

Penalty Kill 4 Players Defense
   Defense                  Defense                  Time % Phy DF OF 
 1 Seth Jones               Colton Parayko           60     1   2  2  
 2 Marc-Edouard Vlasic      Brett Pesce              40     1   2  2  

Penalty Kill - 3 Players Forward 
   Forward                                           Time % Phy DF OF 
 1 Leon Draisaitl                                    60     1   2  2  
 2 Artemi Panarin                                    40     1   2  2  

Penalty Kill - 3 Players Defense
   Defense                  Defense                  Time % Phy DF OF 
 1 Seth Jones               Colton Parayko           60     1   2  2  
 2 Marc-Edouard Vlasic      Brett Pesce              40     1   2  2  

4 vs 4 Forward 
   Center                   Wing                     Time % Phy DF OF 
 1 Leon Draisaitl           Artemi Panarin           60     1   2  2  
 2 Bo Horvat                Nico Hischier            40     1   2  2  

4 vs 4 Defense
   Defense                  Defense                  Time % Phy DF OF 
 1 Seth Jones               Colton Parayko           60     1   2  2  
 2 Marc-Edouard Vlasic      Brett Pesce              40     1   2  2  

Last Minutes Offensive
   Center                   Left Wing                Right Wing               Defense                  Defense                  
   Leon Draisaitl           Artemi Panarin           Connor Brown             Seth Jones               Colton Parayko           

Last Minutes Defensive
   Center                   Left Wing                Right Wing               Defense                  Defense                  
   Leon Draisaitl           Artemi Panarin           Connor Brown             Seth Jones               Colton Parayko           

Goaltenders
Starting : Frederik Andersen        
Backup : Craig Anderson           

Extra Forwards
Normal : Gabriel Vilardi, Sam Steel, Jake DeBrusk - PP : Gabriel Vilardi, Sam Steel - PK : Jake DeBrusk
Extra Defensemen
Normal : Cam Fowler, Mike Matheson, Karl Alzner - PP : Cam Fowler - PK : Mike Matheson, Karl Alzner
Penalty Shots
Leon Draisaitl, Artemi Panarin, Bo Horvat, Nico Hischier, Connor Brown

Scratches
Frederik Gauthier (Healthy)

% Time on Ice - FLORIDA

Lines # - Real PCT - Wanted PCT - Time Play
Normal Forward
1 - 30% - 30% - 13:48
2 - 28% - 28% - 12:57
3 - 24% - 23% - 10:59
4 - 18% - 19% - 8:10
Normal Defense
1 - 33% - 35% - 14:57
2 - 34% - 30% - 15:28
3 - 27% - 25% - 12:36
4 - 6% - 10% - 2:53
PP Forward
1 - 45% - 60% - 2:39
2 - 55% - 40% - 3:16
PP Defense
1 - 48% - 60% - 2:52
2 - 52% - 40% - 3:03
PK Forward
1 - 80% - 60% - 6:35
2 - 20% - 40% - 1:36
PK Defense
1 - 63% - 60% - 5:09
2 - 37% - 40% - 3:02
PK3 Forward
1 - 0% - 60%
2 - 0% - 40%
PK3 Defense
1 - 0% - 60%
2 - 0% - 40%
44 Forward
1 - 0% - 60%
2 - 0% - 40%
44 Defense
1 - 0% - 60%
2 - 0% - 40%
Last Minute Offensive  - 0:00
Last Minute Defensive  - 0:00
Total
Forward - 60:00
Defense - 60:00

% Time on Ice - NEW YORK R

Lines # - Real PCT - Wanted PCT - Time Play
Normal Forward
1 - 33% - 35% - 15:04
2 - 33% - 30% - 15:15
3 - 28% - 25% - 12:56
4 - 6% - 10% - 2:39
Normal Defense
1 - 36% - 35% - 16:29
2 - 31% - 30% - 14:06
3 - 24% - 25% - 11:08
4 - 9% - 10% - 4:11
PP Forward
1 - 55% - 60% - 4:31
2 - 45% - 40% - 3:40
PP Defense
1 - 65% - 60% - 5:21
2 - 35% - 40% - 2:50
PK Forward
1 - 83% - 60% - 4:53
2 - 17% - 40% - 1:02
PK Defense
1 - 58% - 60% - 3:26
2 - 42% - 40% - 2:29
PK3 Forward
1 - 0% - 60%
2 - 0% - 40%
PK3 Defense
1 - 0% - 60%
2 - 0% - 40%
44 Forward
1 - 0% - 60%
2 - 0% - 40%
44 Defense
1 - 0% - 60%
2 - 0% - 40%
Last Minute Offensive  - 0:00
Last Minute Defensive  - 0:00
Total
Forward - 60:00
Defense - 60:00

Play-by-Play

1st period


0:01 of 1st period - Artemi Panarin wins face-off versus Pavel Zacha in neutral zone.
0:04 of 1st period - Shot by Leon Draisaitl.
0:04 of 1st period - Stopped by Jimmy Howard without a rebound.
0:05 of 1st period - Bo Horvat wins face-off versus Ryan Donato in FLORIDA zone.
0:08 of 1st period - Shot by Andrew Cogliano.
0:08 of 1st period - Stopped by Jimmy Howard without a rebound.
0:09 of 1st period - Jesperi Kotkaniemi wins face-off versus Nico Hischier in FLORIDA zone.
0:09 of 1st period - Jesperi Kotkaniemi is hit by Kailer Yamamoto.
0:12 of 1st period - Icing by Denis Malgin.
0:13 of 1st period - Jesperi Kotkaniemi wins face-off versus Kailer Yamamoto in FLORIDA zone.
0:42 of 1st period - Shot by Jesperi Kotkaniemi.
0:42 of 1st period - Deflect By Micheal Ferland.
0:42 of 1st period - Stopped by Frederik Andersen without a rebound.
0:43 of 1st period - Bo Horvat wins face-off versus Joakim Nordstrom in NEW YORK R zone.
0:49 of 1st period - Off-side.
0:50 of 1st period - Pavel Zacha wins face-off versus Bo Horvat in neutral zone.
0:53 of 1st period - Shot by Martin Necas.
0:53 of 1st period - Stopped by Frederik Andersen without a rebound.
0:54 of 1st period - Leon Draisaitl wins face-off versus Ryan Donato in NEW YORK R zone.
1:26 of 1st period - Off-side.
1:27 of 1st period - Martin Necas wins face-off versus Nico Hischier in neutral zone.
1:32 of 1st period - Shot by Pavel Zacha.
1:32 of 1st period - Shot Misses the Net.
1:33 of 1st period - Minor Penalty to Patrick Marleau for Goalie Interference.
1:34 of 1st period - Pavel Zacha wins face-off versus Bo Horvat in FLORIDA zone.
1:39 of 1st period - Shot by Seth Jones.
1:39 of 1st period - Stopped by Jimmy Howard with a rebound.
1:41 of 1st period - Shot by Andrew Cogliano.
1:41 of 1st period - Stopped by Jimmy Howard with a rebound.
1:43 of 1st period - Shot by Seth Jones.
1:43 of 1st period - Stopped by Jimmy Howard without a rebound.
1:44 of 1st period - Leon Draisaitl wins face-off versus Pavel Zacha in FLORIDA zone.
1:44 of 1st period - Leon Draisaitl is hit by Shayne Gostisbehere.
2:19 of 1st period - Shot by Artemi Panarin.
2:19 of 1st period - Stopped by Jimmy Howard without a rebound.
2:20 of 1st period - Bo Horvat wins face-off versus Ryan Donato in FLORIDA zone.
3:29 of 1st period - Shot by Seth Jones.
3:29 of 1st period - Goal by Seth Jones - FLORIDA : 0 - NEW YORK R : 1.
3:30 of 1st period - Kailer Yamamoto wins face-off versus Denis Malgin in neutral zone.
3:35 of 1st period - Icing by Ilya Lyubushkin.
3:36 of 1st period - Nico Hischier wins face-off versus Jesperi Kotkaniemi in FLORIDA zone.
3:44 of 1st period - Icing by Dante Fabbro.
3:45 of 1st period - Jesperi Kotkaniemi wins face-off versus Leon Draisaitl in FLORIDA zone.
3:52 of 1st period - Shot by Artemi Panarin.
3:52 of 1st period - Deflect By Leon Draisaitl.
3:52 of 1st period - Shot Blocked by Ilya Lyubushkin.
4:06 of 1st period - Shot by Artemi Panarin.
4:06 of 1st period - Stopped by Jimmy Howard without a rebound.
4:07 of 1st period - Bo Horvat wins face-off versus Pavel Zacha in FLORIDA zone.
4:35 of 1st period - Icing by Brett Pesce.
4:36 of 1st period - Bo Horvat wins face-off versus Drake Batherson in NEW YORK R zone.
5:20 of 1st period - Icing by Brett Pesce.
5:21 of 1st period - Pavel Zacha wins face-off versus Bo Horvat in NEW YORK R zone.
6:06 of 1st period - Shot by Artemi Panarin.
6:06 of 1st period - Stopped by Jimmy Howard without a rebound.
6:07 of 1st period - Ryan Donato wins face-off versus Jake DeBrusk in FLORIDA zone.
6:07 of 1st period - Ryan Donato is hit by Kailer Yamamoto.
6:10 of 1st period - Minor Penalty to Kailer Yamamoto for Charging.
6:11 of 1st period - Pavel Zacha wins face-off versus Leon Draisaitl in NEW YORK R zone.
6:22 of 1st period - Shot by Ryan Donato.
6:22 of 1st period - Shot Blocked by Colton Parayko.
6:24 of 1st period - Shot by Alex Galchenyuk.
6:24 of 1st period - Goal by Alex Galchenyuk - FLORIDA : 1 - NEW YORK R : 1.
6:25 of 1st period - Drake Batherson wins face-off versus Nico Hischier in neutral zone.
6:52 of 1st period - Shot by Kailer Yamamoto.
6:52 of 1st period - Shot Misses the Net.
7:11 of 1st period - Joakim Nordstrom is hit by Cam Fowler and loses puck.
7:43 of 1st period - Icing by Cam Fowler.
7:44 of 1st period - Nico Hischier wins face-off versus Pavel Zacha in NEW YORK R zone.
7:59 of 1st period - Shot by Artemi Panarin.
7:59 of 1st period - Stopped by Jimmy Howard without a rebound.
8:00 of 1st period - Jesperi Kotkaniemi wins face-off versus Leon Draisaitl in FLORIDA zone.
8:00 of 1st period - Jesperi Kotkaniemi is hit by Artemi Panarin.
9:04 of 1st period - Shot by Ryan Donato.
9:04 of 1st period - Shot Misses the Net.
9:30 of 1st period - Shot by Andrew Cogliano.
9:30 of 1st period - Stopped by Jimmy Howard without a rebound.
9:31 of 1st period - Pavel Zacha wins face-off versus Kailer Yamamoto in FLORIDA zone.
9:46 of 1st period - Shot by Pavel Zacha.
9:46 of 1st period - Stopped by Frederik Andersen without a rebound.
9:47 of 1st period - Nico Hischier wins face-off versus Drake Batherson in NEW YORK R zone.
9:53 of 1st period - Mike Matheson is hit by Markus Granlund and loses puck.
10:12 of 1st period - Shot by Justin Schultz.
10:12 of 1st period - Stopped by Frederik Andersen with a rebound.
10:14 of 1st period - Shot by Markus Granlund.
10:14 of 1st period - Shot Blocked by Cam Fowler.
10:16 of 1st period - Shot by Markus Granlund.
10:16 of 1st period - Stopped by Frederik Andersen without a rebound.
10:17 of 1st period - Bo Horvat wins face-off versus Pavel Zacha in NEW YORK R zone.
10:43 of 1st period - Andrew Cogliano is hit by Dante Fabbro and loses puck.
10:46 of 1st period - Shot by Marcus Kruger.
10:46 of 1st period - Stopped by Jimmy Howard without a rebound.
10:47 of 1st period - Ryan Donato wins face-off versus Leon Draisaitl in FLORIDA zone.
10:54 of 1st period - Shot by Alex Galchenyuk.
10:54 of 1st period - Shot Blocked by Brett Pesce.
11:21 of 1st period - Connor Brown is hit by Radim Simek and loses puck.
12:53 of 1st period - Bo Horvat is hit by Jesperi Kotkaniemi and loses puck.
14:07 of 1st period - Shot by Alex Galchenyuk.
14:07 of 1st period - Deflect By Ryan Donato.
14:07 of 1st period - Stopped by Frederik Andersen with a rebound.
14:11 of 1st period - Shot by Shayne Gostisbehere.
14:11 of 1st period - Stopped by Frederik Andersen with a rebound.
14:13 of 1st period - Shot by Dante Fabbro.
14:13 of 1st period - Stopped by Frederik Andersen without a rebound.
14:14 of 1st period - Leon Draisaitl wins face-off versus Pavel Zacha in NEW YORK R zone.
14:14 of 1st period - Leon Draisaitl is hit by Patrick Marleau.
14:29 of 1st period - Icing by Patrick Marleau.
14:30 of 1st period - Pavel Zacha wins face-off versus Artemi Panarin in FLORIDA zone.
14:45 of 1st period - Shot by Leon Draisaitl.
14:45 of 1st period - Deflect By Artemi Panarin.
14:45 of 1st period - Stopped by Jimmy Howard without a rebound.
14:46 of 1st period - Ryan Donato wins face-off versus Nico Hischier in FLORIDA zone.
15:04 of 1st period - Shot by Jake DeBrusk.
15:04 of 1st period - Stopped by Jimmy Howard without a rebound.
15:05 of 1st period - Jesperi Kotkaniemi wins face-off versus Artemi Panarin in FLORIDA zone.
15:05 of 1st period - Radim Simek is hit by Artemi Panarin and loses puck.
15:16 of 1st period - Shot by Leon Draisaitl.
15:16 of 1st period - Shot Blocked by Radim Simek.
15:18 of 1st period - Shot by Marc-Edouard Vlasic.
15:18 of 1st period - Shot Blocked by Ilya Lyubushkin.
15:20 of 1st period - Shot by Marc-Edouard Vlasic.
15:20 of 1st period - Shot Blocked by Radim Simek.
15:33 of 1st period - Icing by Denis Malgin.
15:34 of 1st period - Nico Hischier wins face-off versus Denis Malgin in FLORIDA zone.
15:39 of 1st period - Shot by Kailer Yamamoto.
15:39 of 1st period - Deflect By Jake DeBrusk.
15:39 of 1st period - Shot Misses the Net.
15:55 of 1st period - Shot by Nico Hischier.
15:55 of 1st period - Shot Misses the Net.
15:57 of 1st period - Shot by Kailer Yamamoto.
15:57 of 1st period - Shot Blocked by Ilya Lyubushkin.
16:36 of 1st period - Shot by Artemi Panarin.
16:36 of 1st period - Stopped by Jimmy Howard without a rebound.
16:37 of 1st period - Bo Horvat wins face-off versus Ryan Donato in FLORIDA zone.
16:44 of 1st period - Shot by Bo Horvat.
16:44 of 1st period - Shot Misses the Net.
17:14 of 1st period - Shayne Gostisbehere is hit by Mike Matheson and loses puck.
18:36 of 1st period - Colton Parayko is hit by Shayne Gostisbehere and loses puck.
18:48 of 1st period - Jake DeBrusk is hit by Dante Fabbro and loses puck.
19:08 of 1st period - Minor Penalty to Dante Fabbro for High sticking.
19:09 of 1st period - Pavel Zacha wins face-off versus Bo Horvat in FLORIDA zone.
Goals for this period are 1 for FLORIDA vs 1 for NEW YORK R.
Shots for this period are 9 for FLORIDA vs 15 for NEW YORK R.

2nd period


0:01 of 2nd period - Pavel Zacha wins face-off versus Artemi Panarin in neutral zone.
0:27 of 2nd period - Shot by Justin Schultz.
0:27 of 2nd period - Stopped by Frederik Andersen without a rebound.
0:28 of 2nd period - Bo Horvat wins face-off versus Pavel Zacha in NEW YORK R zone.
0:47 of 2nd period - Shot by Bo Horvat.
0:47 of 2nd period - Stopped by Jimmy Howard without a rebound.
0:48 of 2nd period - Leon Draisaitl wins face-off versus Ryan Donato in FLORIDA zone.
1:12 of 2nd period - Icing by Cam Fowler.
1:13 of 2nd period - Nico Hischier wins face-off versus Ryan Donato in NEW YORK R zone.
1:47 of 2nd period - Icing by Ilya Lyubushkin.
1:48 of 2nd period - Leon Draisaitl wins face-off versus Ryan Donato in FLORIDA zone.
1:48 of 2nd period - Leon Draisaitl is hit by Ilya Lyubushkin.
2:13 of 2nd period - Shot by Denis Malgin.
2:13 of 2nd period - Stopped by Frederik Andersen without a rebound.
2:14 of 2nd period - Bo Horvat wins face-off versus Pavel Zacha in NEW YORK R zone.
2:32 of 2nd period - Bo Horvat is hit by Martin Necas and loses puck.
2:42 of 2nd period - Andrew Cogliano is hit by Mike Green and loses puck.
2:45 of 2nd period - Shot by Bo Horvat.
2:45 of 2nd period - Shot Misses the Net.
2:47 of 2nd period - Shot by Brett Pesce.
2:47 of 2nd period - Shot Misses the Net.
2:49 of 2nd period - Shot by Marcus Kruger.
2:49 of 2nd period - Shot Misses the Net.
2:51 of 2nd period - Shot by Marc-Edouard Vlasic.
2:51 of 2nd period - Stopped by Jimmy Howard without a rebound.
2:52 of 2nd period - Jesperi Kotkaniemi wins face-off versus Leon Draisaitl in FLORIDA zone.
2:52 of 2nd period - Jesperi Kotkaniemi is hit by Connor Brown.
3:00 of 2nd period - Shot by Micheal Ferland.
3:00 of 2nd period - Stopped by Frederik Andersen without a rebound.
3:01 of 2nd period - Leon Draisaitl wins face-off versus Ryan Donato in NEW YORK R zone.
3:01 of 2nd period - Connor Brown is hit by Brett Ritchie and loses puck.
3:15 of 2nd period - Minor Penalty to Dante Fabbro for Tripping.
3:16 of 2nd period - Leon Draisaitl wins face-off versus Pavel Zacha in FLORIDA zone.
3:21 of 2nd period - Shot by Artemi Panarin.
3:21 of 2nd period - Stopped by Jimmy Howard without a rebound.
3:22 of 2nd period - Pavel Zacha wins face-off versus Bo Horvat in FLORIDA zone.
3:30 of 2nd period - Icing by Bo Horvat.
3:31 of 2nd period - Bo Horvat wins face-off versus Pavel Zacha in NEW YORK R zone.
3:38 of 2nd period - Shot by Marcus Kruger.
3:38 of 2nd period - Stopped by Jimmy Howard without a rebound.
3:39 of 2nd period - Pavel Zacha wins face-off versus Leon Draisaitl in FLORIDA zone.
4:38 of 2nd period - Shot by Marc-Edouard Vlasic.
4:38 of 2nd period - Shot Misses the Net.
4:40 of 2nd period - Shot by Marc-Edouard Vlasic.
4:40 of 2nd period - Shot Misses the Net.
4:42 of 2nd period - Shot by Brett Pesce.
4:42 of 2nd period - Stopped by Jimmy Howard without a rebound.
4:43 of 2nd period - Bo Horvat wins face-off versus Ryan Donato in FLORIDA zone.
5:08 of 2nd period - Off-side.
5:09 of 2nd period - Leon Draisaitl wins face-off versus Ryan Donato in neutral zone.
5:14 of 2nd period - Shot by Connor Brown.
5:14 of 2nd period - Shot Misses the Net.
5:58 of 2nd period - Icing by Mike Matheson.
5:59 of 2nd period - Nico Hischier wins face-off versus Ryan Donato in NEW YORK R zone.
6:21 of 2nd period - Icing by Justin Schultz.
6:22 of 2nd period - Ryan Donato wins face-off versus Artemi Panarin in FLORIDA zone.
6:37 of 2nd period - Minor Penalty to Leon Draisaitl for Hooking.
6:38 of 2nd period - Bo Horvat wins face-off versus Ryan Donato in NEW YORK R zone.
7:41 of 2nd period - Shot by Pavel Zacha.
7:41 of 2nd period - Stopped by Frederik Andersen without a rebound.
7:42 of 2nd period - Bo Horvat wins face-off versus Drake Batherson in NEW YORK R zone.
8:43 of 2nd period - Off-side.
8:44 of 2nd period - Kailer Yamamoto wins face-off versus Jesperi Kotkaniemi in neutral zone.
9:00 of 2nd period - Minor Penalty to Cam Fowler for Hooking.
9:01 of 2nd period - Ryan Donato wins face-off versus Leon Draisaitl in NEW YORK R zone.
9:22 of 2nd period - Off-side.
9:23 of 2nd period - Bo Horvat wins face-off versus Drake Batherson in neutral zone.
10:00 of 2nd period - Icing by Mike Green.
10:01 of 2nd period - Bo Horvat wins face-off versus Drake Batherson in FLORIDA zone.
10:04 of 2nd period - Shot by Bo Horvat.
10:04 of 2nd period - Stopped by Jimmy Howard without a rebound.
10:05 of 2nd period - Bo Horvat wins face-off versus Pavel Zacha in FLORIDA zone.
10:30 of 2nd period - Shot by Shayne Gostisbehere.
10:30 of 2nd period - Shot Misses the Net.
10:45 of 2nd period - Icing by Ryan Donato.
10:46 of 2nd period - Leon Draisaitl wins face-off versus Pavel Zacha in FLORIDA zone.
12:16 of 2nd period - Dante Fabbro is hit by Kailer Yamamoto and loses puck.
12:31 of 2nd period - Shot by Denis Malgin.
12:31 of 2nd period - Stopped by Frederik Andersen with a rebound.
12:51 of 2nd period - Shot by Martin Necas.
12:51 of 2nd period - Stopped by Frederik Andersen without a rebound.
12:52 of 2nd period - Leon Draisaitl wins face-off versus Ryan Donato in NEW YORK R zone.
13:05 of 2nd period - Shot by Artemi Panarin.
13:05 of 2nd period - Stopped by Jimmy Howard without a rebound.
13:06 of 2nd period - Bo Horvat wins face-off versus Pavel Zacha in FLORIDA zone.
13:34 of 2nd period - Shot by Marcus Kruger.
13:34 of 2nd period - Stopped by Jimmy Howard without a rebound.
13:35 of 2nd period - Leon Draisaitl wins face-off versus Ryan Donato in FLORIDA zone.
13:46 of 2nd period - Shot by Leon Draisaitl.
13:46 of 2nd period - Stopped by Jimmy Howard without a rebound.
13:47 of 2nd period - Leon Draisaitl wins face-off versus Drake Batherson in FLORIDA zone.
14:20 of 2nd period - Icing by Seth Jones.
14:21 of 2nd period - Leon Draisaitl wins face-off versus Pavel Zacha in NEW YORK R zone.
14:38 of 2nd period - Icing by Colton Parayko.
14:39 of 2nd period - Ryan Donato wins face-off versus Artemi Panarin in NEW YORK R zone.
15:17 of 2nd period - Ryan Donato is hit by Brett Pesce and loses puck.
15:53 of 2nd period - Brett Ritchie is hit by Brett Pesce and loses puck.
16:10 of 2nd period - Mike Green is hit by Jake DeBrusk and loses puck.
16:21 of 2nd period - Shot by Jake DeBrusk.
16:21 of 2nd period - Shot Misses the Net.
16:29 of 2nd period - Shot by Nico Hischier.
16:29 of 2nd period - Shot Misses the Net.
16:31 of 2nd period - Shot by Mike Matheson.
16:31 of 2nd period - Stopped by Jimmy Howard without a rebound.
16:32 of 2nd period - Pavel Zacha wins face-off versus Kailer Yamamoto in FLORIDA zone.
16:43 of 2nd period - Patrick Marleau is hit by Karl Alzner and loses puck.
16:53 of 2nd period - Patrick Marleau is hit by Karl Alzner and loses puck.
16:58 of 2nd period - Shot by Pavel Zacha.
16:58 of 2nd period - Stopped by Frederik Andersen with a rebound.
17:00 of 2nd period - Shot by Pavel Zacha.
17:00 of 2nd period - Stopped by Frederik Andersen without a rebound.
17:01 of 2nd period - Jesperi Kotkaniemi wins face-off versus Bo Horvat in NEW YORK R zone.
17:17 of 2nd period - Jesperi Kotkaniemi is hit by Marcus Kruger and loses puck.
17:50 of 2nd period - Shot by Artemi Panarin.
17:50 of 2nd period - Shot Misses the Net.
18:06 of 2nd period - Shayne Gostisbehere is hit by Connor Brown and loses puck.
18:25 of 2nd period - Minor Penalty to Martin Necas for Hooking.
18:26 of 2nd period - Pavel Zacha wins face-off versus Bo Horvat in FLORIDA zone.
19:56 of 2nd period - Shot by Seth Jones.
19:56 of 2nd period - Shot Misses the Net.
Goals for this period are 0 for FLORIDA vs 0 for NEW YORK R.
Shots for this period are 8 for FLORIDA vs 10 for NEW YORK R.

3rd period


0:01 of 3rd period - Pavel Zacha wins face-off versus Leon Draisaitl in neutral zone.
0:10 of 3rd period - Shot by Leon Draisaitl.
0:10 of 3rd period - Shot Blocked by Radim Simek.
0:12 of 3rd period - Shot by Seth Jones.
0:12 of 3rd period - Shot Blocked by Justin Schultz.
0:14 of 3rd period - Shot by Connor Brown.
0:14 of 3rd period - Shot Misses the Net.
0:36 of 3rd period - Shot by Bo Horvat.
0:36 of 3rd period - Shot Blocked by Dante Fabbro.
0:38 of 3rd period - Shot by Marcus Kruger.
0:38 of 3rd period - Shot Misses the Net.
0:40 of 3rd period - Shot by Marc-Edouard Vlasic.
0:40 of 3rd period - Stopped by Jimmy Howard with a rebound.
0:42 of 3rd period - Shot by Marcus Kruger.
0:42 of 3rd period - Stopped by Jimmy Howard without a rebound.
0:43 of 3rd period - Nico Hischier wins face-off versus Jesperi Kotkaniemi in FLORIDA zone.
0:43 of 3rd period - Minor Penalty to Mike Green for Tripping.
0:44 of 3rd period - Leon Draisaitl wins face-off versus Pavel Zacha in FLORIDA zone.
0:49 of 3rd period - Shot by Connor Brown.
0:49 of 3rd period - Shot Misses the Net.
0:57 of 3rd period - Shot by Seth Jones.
0:57 of 3rd period - Stopped by Jimmy Howard with a rebound.
0:59 of 3rd period - Shot by Connor Brown.
0:59 of 3rd period - Shot Misses the Net.
1:01 of 3rd period - Shot by Colton Parayko.
1:01 of 3rd period - Goal by Colton Parayko - FLORIDA : 1 - NEW YORK R : 2.
1:02 of 3rd period - Bo Horvat wins face-off versus Ryan Donato in neutral zone.
1:09 of 3rd period - Shot by Marcus Kruger.
1:09 of 3rd period - Stopped by Jimmy Howard without a rebound.
1:10 of 3rd period - Leon Draisaitl wins face-off versus Pavel Zacha in FLORIDA zone.
2:30 of 3rd period - Shot by Ryan Donato.
2:30 of 3rd period - Stopped by Frederik Andersen without a rebound.
2:31 of 3rd period - Nico Hischier wins face-off versus Drake Batherson in NEW YORK R zone.
2:31 of 3rd period - Nico Hischier is hit by Joakim Nordstrom.
2:41 of 3rd period - Shot by Kailer Yamamoto.
2:41 of 3rd period - Shot Misses the Net.
2:43 of 3rd period - Shot by Kailer Yamamoto.
2:43 of 3rd period - Shot Misses the Net.
2:45 of 3rd period - Shot by Kailer Yamamoto.
2:45 of 3rd period - Stopped by Jimmy Howard without a rebound.
2:46 of 3rd period - Jesperi Kotkaniemi wins face-off versus Kailer Yamamoto in FLORIDA zone.
3:21 of 3rd period - Shot by Denis Malgin.
3:21 of 3rd period - Shot Misses the Net.
3:45 of 3rd period - Shot by Alex Galchenyuk.
3:45 of 3rd period - Stopped by Frederik Andersen without a rebound.
3:46 of 3rd period - Bo Horvat wins face-off versus Pavel Zacha in NEW YORK R zone.
3:59 of 3rd period - Shot by Shayne Gostisbehere.
3:59 of 3rd period - Stopped by Frederik Andersen with a rebound.
4:35 of 3rd period - Justin Schultz is hit by Marcus Kruger.
5:32 of 3rd period - Markus Granlund is hit by Marc-Edouard Vlasic and loses puck.
6:01 of 3rd period - Shot by Dante Fabbro.
6:01 of 3rd period - Shot Hit the Post.
6:36 of 3rd period - Icing by Mike Matheson.
6:37 of 3rd period - Nico Hischier wins face-off versus Pavel Zacha in NEW YORK R zone.
7:13 of 3rd period - Shot by Martin Necas.
7:13 of 3rd period - Shot Misses the Net.
7:36 of 3rd period - Pavel Zacha is hit by Brett Pesce and loses puck.
8:01 of 3rd period - Off-side.
8:02 of 3rd period - Nico Hischier wins face-off versus Ryan Donato in neutral zone.
8:07 of 3rd period - Nico Hischier is hit by Dante Fabbro and loses puck.
8:21 of 3rd period - Jake DeBrusk is hit by Dante Fabbro and loses puck.
8:24 of 3rd period - Shot by Nico Hischier.
8:24 of 3rd period - Stopped by Jimmy Howard without a rebound.
8:25 of 3rd period - Leon Draisaitl wins face-off versus Markus Granlund in FLORIDA zone.
9:45 of 3rd period - Dante Fabbro is hit by Marcus Kruger and loses puck.
10:04 of 3rd period - Shot by Ryan Donato.
10:04 of 3rd period - Shot Misses the Net.
10:15 of 3rd period - Icing by Marcus Kruger.
10:16 of 3rd period - Bo Horvat wins face-off versus Pavel Zacha in NEW YORK R zone.
10:48 of 3rd period - Martin Necas is hit by Seth Jones and loses puck.
10:52 of 3rd period - Icing by Colton Parayko.
10:53 of 3rd period - Jesperi Kotkaniemi wins face-off versus Nico Hischier in NEW YORK R zone.
10:53 of 3rd period - Dante Fabbro is hit by Colton Parayko and loses puck.
10:57 of 3rd period - Minor Penalty to Seth Jones for Holding.
10:58 of 3rd period - Leon Draisaitl wins face-off versus Pavel Zacha in NEW YORK R zone.
11:51 of 3rd period - Shot by Radim Simek.
11:51 of 3rd period - Shot Misses the Net.
11:53 of 3rd period - Shot by Shayne Gostisbehere.
11:53 of 3rd period - Shot Blocked by Brett Pesce.
11:55 of 3rd period - Shot by Radim Simek.
11:55 of 3rd period - Shot Blocked by Marc-Edouard Vlasic.
12:23 of 3rd period - Shot by Alex Galchenyuk.
12:23 of 3rd period - Shot Misses the Net.
12:25 of 3rd period - Shot by Dante Fabbro.
12:25 of 3rd period - Stopped by Frederik Andersen without a rebound.
12:26 of 3rd period - Pavel Zacha wins face-off versus Leon Draisaitl in NEW YORK R zone.
12:32 of 3rd period - Shot by Pavel Zacha.
12:32 of 3rd period - Shot Misses the Net.
12:34 of 3rd period - Shot by Pavel Zacha.
12:34 of 3rd period - Goal by Pavel Zacha - FLORIDA : 2 - NEW YORK R : 2.
12:35 of 3rd period - Jesperi Kotkaniemi wins face-off versus Nico Hischier in neutral zone.
12:35 of 3rd period - Jesperi Kotkaniemi is hit by Kailer Yamamoto.
12:51 of 3rd period - Shot by Mike Matheson.
12:51 of 3rd period - Stopped by Jimmy Howard without a rebound.
12:52 of 3rd period - Andrew Cogliano wins face-off versus Drake Batherson in FLORIDA zone.
13:19 of 3rd period - Shot by Marcus Kruger.
13:19 of 3rd period - Shot Misses the Net.
13:21 of 3rd period - Shot by Brett Pesce.
13:21 of 3rd period - Shot Misses the Net.
13:23 of 3rd period - Shot by Marcus Kruger.
13:23 of 3rd period - Stopped by Jimmy Howard with a rebound.
13:25 of 3rd period - Shot by Andrew Cogliano.
13:25 of 3rd period - Goal by Andrew Cogliano - FLORIDA : 2 - NEW YORK R : 3.
13:26 of 3rd period - Leon Draisaitl wins face-off versus Pavel Zacha in neutral zone.
13:58 of 3rd period - Icing by Mike Green.
13:59 of 3rd period - Nico Hischier wins face-off versus Pavel Zacha in FLORIDA zone.
13:59 of 3rd period - Kailer Yamamoto is hit by Mike Green and loses puck.
14:23 of 3rd period - Icing by Mike Green.
14:24 of 3rd period - Marcus Kruger wins face-off versus Pavel Zacha in FLORIDA zone.
14:29 of 3rd period - Shot by Bo Horvat.
14:29 of 3rd period - Shot Misses the Net.
15:22 of 3rd period - Icing by Brett Pesce.
15:23 of 3rd period - Andrew Cogliano wins face-off versus Micheal Ferland in NEW YORK R zone.
15:42 of 3rd period - Shot by Leon Draisaitl.
15:42 of 3rd period - Stopped by Jimmy Howard with a rebound.
16:01 of 3rd period - Icing by Radim Simek.
16:02 of 3rd period - Jake DeBrusk wins face-off versus Jesperi Kotkaniemi in FLORIDA zone.
16:11 of 3rd period - Mike Matheson is hit by Micheal Ferland and loses puck.
16:26 of 3rd period - Icing by Dante Fabbro.
16:27 of 3rd period - Pavel Zacha wins face-off versus Leon Draisaitl in FLORIDA zone.
16:31 of 3rd period - Icing by Martin Necas.
16:32 of 3rd period - Leon Draisaitl wins face-off versus Pavel Zacha in FLORIDA zone.
17:38 of 3rd period - Shot by Nico Hischier.
17:38 of 3rd period - Shot Misses the Net.
18:14 of 3rd period - Minor Penalty to Marcus Kruger for Roughing.
18:15 of 3rd period - Drake Batherson wins face-off versus Leon Draisaitl in NEW YORK R zone.
18:20 of 3rd period - Shot by Martin Necas.
18:20 of 3rd period - Deflect By Drake Batherson.
18:20 of 3rd period - Goal by Drake Batherson - FLORIDA : 3 - NEW YORK R : 3.
18:21 of 3rd period - Bo Horvat wins face-off versus Jesperi Kotkaniemi in neutral zone.
18:55 of 3rd period - Marc-Edouard Vlasic is hit by Jesperi Kotkaniemi and loses puck.
19:54 of 3rd period - Shot by Pavel Zacha.
19:54 of 3rd period - Shot Misses the Net.
Goals for this period are 2 for FLORIDA vs 2 for NEW YORK R.
Shots for this period are 6 for FLORIDA vs 11 for NEW YORK R.

Overtime #1


0:01 of 1st overtime period - Patrick Marleau wins face-off versus Bo Horvat in neutral zone.
0:06 of 1st overtime period - Shot by Pavel Zacha.
0:06 of 1st overtime period - Stopped by Frederik Andersen without a rebound.
0:07 of 1st overtime period - Bo Horvat wins face-off versus Patrick Marleau in NEW YORK R zone.
0:24 of 1st overtime period - Shot by Colton Parayko.
0:24 of 1st overtime period - Shot Misses the Net.
1:41 of 1st overtime period - Shot by Leon Draisaitl.
1:41 of 1st overtime period - Deflect By Artemi Panarin.
1:41 of 1st overtime period - Stopped by Jimmy Howard with a rebound.
1:43 of 1st overtime period - Shot by Karl Alzner.
1:43 of 1st overtime period - Stopped by Jimmy Howard without a rebound.
1:44 of 1st overtime period - Patrick Marleau wins face-off versus Bo Horvat in FLORIDA zone.
3:17 of 1st overtime period - Icing by Colton Parayko.
3:18 of 1st overtime period - Bo Horvat wins face-off versus Patrick Marleau in NEW YORK R zone.
3:40 of 1st overtime period - Icing by Shayne Gostisbehere.
3:41 of 1st overtime period - Patrick Marleau wins face-off versus Leon Draisaitl in FLORIDA zone.
4:02 of 1st overtime period - Shot by Andrew Cogliano.
4:02 of 1st overtime period - Deflect By Leon Draisaitl.
4:02 of 1st overtime period - Shot Blocked by Jesperi Kotkaniemi.
Goals for this period are 0 for FLORIDA vs 0 for NEW YORK R.
Shots for this period are 1 for FLORIDA vs 2 for NEW YORK R.

ShootOut


5:00 of 1st overtime period - Round #1.
5:00 of 1st overtime period - FLORIDA, Drake Batherson.
5:00 of 1st overtime period - Goal by Drake Batherson.
5:00 of 1st overtime period - NEW YORK R, Leon Draisaitl.
5:00 of 1st overtime period - Stopped by Jimmy Howard.
5:00 of 1st overtime period - Round #2.
5:00 of 1st overtime period - FLORIDA, Martin Necas.
5:00 of 1st overtime period - Stopped by Frederik Andersen.
5:00 of 1st overtime period - NEW YORK R, Artemi Panarin.
5:00 of 1st overtime period - Stopped by Jimmy Howard.
5:00 of 1st overtime period - Round #3.
5:00 of 1st overtime period - FLORIDA, Ryan Donato.
5:00 of 1st overtime period - Stopped by Frederik Andersen.
5:00 of 1st overtime period - NEW YORK R, Bo Horvat.
5:00 of 1st overtime period - Stopped by Jimmy Howard.